AoeStats
← kleomu

Arabia

506989251Analyzed
1v1 RM · 16d ago on Sep 16, 2026· 24m 36s· 2 players
Game mode
Random Map
Map size
Tiny (2 player)
Population
200
Speed
Normal
Resources
Standard
Victory
Conquest
Starting age
Dark Age
Ending age
Imperial Age
RankedLock teamsTeams togetherTeam positionsShared explorationLock speedFull tech treeHidden civsTurbo modeCheats
Victory
Defeat
🇹🇷 Jurchens · Türkiye
1449
+13
🇧🇴 Vietnamese · Bolivia
1382
-13
MarcOBy
6:29 Loom
6:33 Loom
9:20 Feudal Age
9:53 Double-Bit Axe
16:39 Wheelbarrow
19:49 Castle Age
18:52 Horse Collar
20:55 Fletching
22:00 Bodkin Arrow
22:45 Padded Archer Armor
23:03 Gold Mining
kleomu
7:37 Loom
11:08 Feudal Age
16:04 Castle Age
Connection lost

Rejoining the realm…

Still unreachable

The connection could not be restored.

Session expired

The server has moved on; the page needs a fresh start.